 Dungeon Crawl Stone Soup version 0.23.2-11-gf996548c65 (console) character file.

Game seed: 11517601669551140767

641 endege the Shield-Bearer (level 7, -3/53 HPs)
             Began as a Human Fighter on May 31, 2019.
             Shot with an arrow by a centaur (8 damage)
             ... on level 4 of the Dungeon on June 3, 2019.
             The game lasted 00:37:01 (4353 turns).

endege the Shield-Bearer (Human Fighter)            Turns: 4353, Time: 00:37:01

Health: -3/53      AC: 10    Str: 19    XL:     7   Next: 81%
Magic:  7/7        EV:  6    Int:  8    God:
Gold:   188        SH: 10    Dex: 12    Spells: 6/6 levels left

rFire    + . .     SeeInvis .   k - +1 spear
rCold    . . .     Gourm    .   c - +1 shield
rNeg     . . .     Faith    .   u - +0 chain mail
rPois    .         Spirit   .   q - +0 helmet
rElec    .         Reflect  .   (no cloak)
rCorr    .         Harm     .   (no gloves)
MR       .....                  (no boots)
Stlth    ..........             (no amulet)
HPRegen  0.17/turn              p - ring of protection from fire
MPRegen  0.10/turn              (no ring)

@: about to teleport
A: no striking features
a: no special abilities


You were on level 4 of the Dungeon.
You were not hungry.

You visited 1 branch of the dungeon, and saw 5 of its levels.

You collected 188 gold pieces.

Inventory:

Hand Weapons
 a - a +0 flail
 h - a +0 short sword
 i - a +2 vampiric short sword
 k - a +1 spear (weapon)
 m - a cursed -1 whip
Missiles
 e - 25 poisoned needles
 o - 42 bolts
Armour
 b - a +0 scale mail
 c - a +1 shield (worn)
 d - a +0 robe
 q - a +0 helmet (worn)
 u - a +0 chain mail (worn)
Jewellery
 p - a ring of protection from fire (left hand)
Wands
 t - a wand of disintegration (5)
Scrolls
 l - 3 scrolls of identify
 n - 2 scrolls of immolation
 r - 2 scrolls of fog
 s - a scroll of teleportation
 v - 3 scrolls of remove curse
Comestibles
 f - 10 rations


   Skills:
 + Level 3.8 Fighting
 + Level 2.2 Maces & Flails
 + Level 4.0 Polearms
 + Level 1.3 Throwing
 + Level 4.7 Armour
 + Level 1.7 Dodging
 + Level 0.7 Stealth
 + Level 4.8 Shields


You had 6 spell levels left.
You didn't know any spells.
Your spell library was empty.

Dungeon Overview and Level Annotations

Branches:
Dungeon (5/15)
 Temple: D:4-7

Altars:
Cheibriados
Nemelex Xobeh
Sif Muna

Shops:
D:4 :*


Message History

The ice beast is heavily wounded.
The centaur barely misses you. The ice beast barely misses you.
The centaur barely misses you.
You hit the ice beast.
The ice beast is heavily wounded.
The ice beast hits you. The ice beast freezes you!
* * * LOW HITPOINT WARNING * * *
You block the centaur's attack. You block the centaur's attack.
The ice beast hits you but does no damage.
The centaur hits you with a +0 short sword.
* * * LOW HITPOINT WARNING * * *
You climb upwards.
There is a stone staircase leading down here.
You aren't carrying any potions.
As you read the scroll of teleportation, it crumbles to dust.
You feel strangely unstable. You block the centaur's attack.
The ice beast hits you but does no damage.
The centaur unwields a +0 short sword.
The centaur wields a +0 shortbow.
The centaur shoots an arrow.
The arrow hits you!
You die...

#.# #..............).. #.#
#............#..^.
#.######............#....
#..........#.#....###....
########.#.#.####.# #....
##########.#.#.# #.# #....
#............#.# #.# ##.#.
##.#######.###.# #.# #.#.
#.# ####c....####)####.#.
#.# #................. #.#
#.##@.#.....#.####.#. #.#
#.....#.###.#.# #.#. #.#
#..#..#.###+#'####.#. #.#
#..#..#.#........#.#. #.#
##..#..#.#........#.#. #.#
#...#..#.#<.......#.#. #.#
#...#..#.#........#.#. #.#
#...#..#.......####.#. #.#
##..#..##.............
#.####..#...'.............
#.......#.###.............


You could see an ice beast and a centaur.

Vanquished Creatures
  A phantom (D:5)
  2 howler monkeys (D:4)
  A centaur skeleton (D:4)
  2 orc priests (D:4)
  A bullfrog skeleton (D:4)
  Jessica (D:3)
  An orc wizard (D:4)
  5 worker ants
  A hound skeleton (D:4)
  6 adders
  An ooze (D:2)
  An adder skeleton (D:4)
  A worm (D:3)
  3 dart slugs
  3 leopard geckos
  9 orcs
  9 bats
  6 giant cockroaches
  4 hobgoblins
  8 jackals
  8 kobolds
  A quokka (D:3)
  5 ball pythons
  7 frilled lizards
  7 goblins
  A leopard gecko skeleton (D:4)
  18 rats
113 creatures vanquished.

Notes
Turn   | Place    | Note
-------+----------+-------------------------------------------
     0 | D:1      | endege the Human Fighter began the quest for the Orb.
     0 | D:1      | Reached XP level 1. HP: 18/18 MP: 1/1
    26 | D:1      | Reached XP level 2. HP: 22/24 MP: 2/2
   282 | D:1      | Reached XP level 3. HP: 16/29 MP: 3/3
  1114 | D:2      | Found a sparkling altar of Nemelex Xobeh.
  1404 | D:2      | Reached XP level 4. HP: 30/35 MP: 4/4
  1466 | D:2      | Reached skill level 1 in Dodging
  2001 | D:3      | Found a snail-covered altar of Cheibriados.
  2047 | D:3      | Reached XP level 5. HP: 38/41 MP: 5/5
  2115 | D:3      | Found a deep blue altar of Sif Muna.
  2212 | D:3      | Noticed Jessica
  2232 | D:3      | Reached skill level 1 in Polearms
  2245 | D:3      | Killed Jessica
  2839 | D:3      | Upgraded the game from 0.23.2-1-ga50397a to
                  | 0.23.2-11-gf996548c65
  2946 | D:4      | Reached XP level 6. HP: 45/47 MP: 6/6
  3251 | D:4      | Reached XP level 7. HP: 43/52 MP: 7/7
  3561 | D:4      | Found Voexyg's Book Emporium.
  3626 | D:4      | Reached skill level 1 in Throwing
  3745 | D:4      | Found Reimi's Assorted Antiques.
  3891 | D:5      | Entered Level 5 of the Dungeon
  4353 | D:4      | Shot with an arrow by a centaur

Skill      XL: |  1  2  3  4  5  6  7 |
---------------+----------------------+-----
Dodging        | 1 |  1.7
Polearms       | 1 3 4 |  4.0
Shields        | 4 |  4.8
Armour         | 4 |  4.7
Throwing       | 1 |  1.3
Fighting       | |  3.8
Maces & Flails | |  2.2
Stealth        | |  0.7

Action                   |  1- 3 |  4- 6 |  7- 9 || total
-------------------------+-------+-------+-------++-------
Melee: Flail             |    75 |       |       ||    75
       Short sword       |    18 |       |       ||    18
       Spear             |    87 |   225 |   173 ||   485
Throw: Tomahawk          |     1 |    33 |     9 ||    43
  Use: Potion            |     1 |     3 |     2 ||     6
       Scroll            |       |     8 |     1 ||     9
  Eat: Chunk             |     2 |     6 |     2 ||    10
       Ration            |       |       |     1 ||     1
Armor: Scale mail        |    95 |    69 |       ||   164
       Chain mail        |       |    15 |    62 ||    77
Dodge: Dodged            |    49 |    48 |    30 ||   127
Block: Shield            |    77 |   111 |    93 ||   281
